 Dungeon Crawl Stone Soup version 0.24-a0-583-g87330a484a (webtiles) character file.

Game seed: 10987367252616493296, levelgen mode: deterministic

357 Potatiko the Shield-Bearer (level 6, -3/47 HPs)
             Began as a Human Fighter on Aug 28, 2019.
             Slain by a worker ant (5 damage)
             ... on level 4 of the Dungeon.
             The game lasted 00:21:34 (5412 turns).

Potatiko the Shield-Bearer (Human Fighter)          Turns: 5412, Time: 00:21:34

Health: -3/47      AC:  7    Str: 19    XL:     6   Next: 96%
Magic:  6/6        EV: 13    Int:  8    God:
Gold:   194        SH: 10    Dex: 17    Spells: 5/5 levels left

rFire    . . .     SeeInvis .   a - +0 long sword
rCold    . . .     Gourm    .   c - +0 shield
rNeg     . . .     Faith    .   b - +0 scale mail
rPois    .         Spirit   .   (no helmet)
rElec    .         Reflect  .   (no cloak)
rCorr    .         Harm     .   (no gloves)
MR       .....                  (no boots)
Stlth    +.........             (no amulet)
HPRegen  0.15/turn              (no ring)
MPRegen  0.10/turn              (no ring)

@: agile, lethally poisoned (-3 -> -13)
A: no striking features
a: no special abilities


You were on level 4 of the Dungeon.
You were not hungry.

You visited 2 branches of the dungeon, and saw 5 of its levels.

You collected 194 gold pieces.

Inventory:

Hand Weapons
 a - a +0 long sword (weapon)
 e - a +0 spear
Armour
 b - a +0 scale mail (worn)
 c - a +0 shield (worn)
 q - a cursed +0 robe
Scrolls
 d - a scroll of fog {unknown}
 h - a scroll of enchant weapon {unknown}
 k - a scroll of amnesia
 l - 2 scrolls of remove curse {unknown}
 n - a scroll of blinking {unknown}
 o - 2 scrolls of teleportation {unknown}
 r - a scroll of fear {unknown}
 s - a scroll of immolation {unknown}
 t - a scroll of identify
Potions
 j - a potion of degeneration (quivered)
 m - a potion of flight
 p - a potion of lignification
Comestibles
 f - 6 rations


   Skills:
 + Level 3.5 Fighting
 * Level 4.5 Long Blades
 + Level 3.8 Armour
 + Level 0.9 Dodging
 + Level 0.1 Stealth
 * Level 4.7 Shields


You had 5 spell levels left.
You didn't know any spells.
Your spell library was empty.

Dungeon Overview and Level Annotations

Branches:
Dungeon (4/15)             Temple (1/1) D:4

Altars:
Cheibriados
Dithmenos
Fedhas
Hepliaklqana
Kikubaaqudgha
Nemelex Xobeh
Okawaru
Qazlal
Trog
Uskayaw
Vehumet
Wu Jian
Xom
Zin


Message History

Okay, then.
Tossing away (i - inventory)
j - 2 potions of degeneration (quivered)
Press: ? - help, Shift-Dir - straight line, f - worker ant
Aim: a worker ant (heavily wounded)
You toss away a potion of degeneration.
The potion of degeneration completely misses the worker ant.
* * * LOW HITPOINT WARNING * * *
You feel very sick. You block the worker ant's attack.
The worker ant barely misses you.
* * * LOW HITPOINT WARNING * * *
You feel sick.
Okay, then.
You feel agile all of a sudden.
* * * LOW HITPOINT WARNING * * *
You feel sick. You block the worker ant's attack.
You hit the worker ant.
The worker ant is almost dead.
* * * LOW HITPOINT WARNING * * *
You feel sick. The worker ant bites you.
You die...

.. ###### ###+
#.. #### #.# #...
####.# #.##
#.a.!# #.# #@####
#.#
#.#############.#
#...............#
#################


You could see a worker ant.

Vanquished Creatures
  A scorpion (D:2)
  A crimson imp (D:4)
  An orc priest (D:4)
  2 orc wizards (D:4)
  2 worker ants
  3 adders
  An ooze (D:1)
  3 worms
  5 dart slugs
  2 leopard geckos
  8 orcs
  3 giant cockroaches
  10 goblins
  10 hobgoblins
  5 jackals
  A quokka (D:4)
  A ball python (D:1)
  8 bats
  3 frilled lizards
  5 kobolds
  8 rats
83 creatures vanquished.

Vanquished Creatures (others)
  A ghoul (D:1)
  A minotaur (D:1)
  3 vine stalkers (D:1)
  An elf (D:1)
  A troll (D:1)
  A human (D:1)
  2 orcs (D:1)
  2 kobolds (D:1)
  4 tentacles (D:1)
16 creatures vanquished.

Grand Total: 99 creatures vanquished

Notes
Turn   | Place    | Note
-------+----------+-------------------------------------------
     0 | D:1      | Potatiko the Human Fighter began the quest for the Orb.
     0 | D:1      | Reached XP level 1. HP: 18/18 MP: 1/1
     0 | D:1      | Noticed a vine stalker
     0 | D:1      | Noticed a ghoul
     0 | D:1      | Noticed an elf
     0 | D:1      | Noticed a vine stalker
     0 | D:1      | Noticed a kraken
     0 | D:1      | Noticed a minotaur
     0 | D:1      | Noticed a vine stalker
     0 | D:1      | Noticed a human
     0 | D:1      | Noticed a troll
     3 | D:1      | Killed a vine stalker
    10 | D:1      | Killed a human
    12 | D:1      | Killed a troll
    14 | D:1      | Killed a vine stalker
    18 | D:1      | Killed a vine stalker
    19 | D:1      | Killed a minotaur
    20 | D:1      | Killed an elf
    23 | D:1      | Killed a ghoul
   155 | D:1      | Reached XP level 2. HP: 23/24 MP: 2/2
   411 | D:1      | Reached XP level 3. HP: 29/29 MP: 3/3
  1587 | D:2      | Reached XP level 4. HP: 35/35 MP: 4/4
  2135 | D:2      | Reached XP level 5. HP: 16/41 MP: 5/5
  3981 | D:4      | Reached XP level 6. HP: 12/47 MP: 6/6
  4449 | D:4      | HP: 1/47 [orc wizard/magic dart (10)]
  4796 | D:4      | Found a snail-covered altar of Cheibriados.
  5076 | D:4      | Found a staircase to the Ecumenical Temple.
  5124 | Temple   | Entered the Ecumenical Temple
  5412 | D:4      | HP: 2/47 [poisoned by a worker ant]
  5412 | D:4      | Slain by a worker ant

Levels and vault maps discovered:
D:1:      nicolae_arrival_kraken_aquarium_a, layout_basic, minmay_pentomino_t4
D:2:      layout_basic
D:3:      layout_rooms, first_ration
D:4:      layout_basic, kennysheep_slug_shrine, temple_doors_cd,
          minmay_misc_feat_enclosed
Temple:   nicolae_temple_elliptical

Skill      XL: |  1  2  3  4  5  6 |
---------------+-------------------+-----
Long Blades    | 3 4 |  4.5
Shields        | 4 |  4.7
Fighting       | |  3.5
Armour         | |  3.8
Dodging        | |  0.9
Stealth        | |  0.1

Action                   |  1- 3 |  4- 6 || total
-------------------------+-------+-------++-------
Melee: Long sword        |   111 |   241 ||   352
  Use: Potion            |       |     6 ||     6
       Scroll            |       |     6 ||     6
  Eat: Chunk             |     2 |     5 ||     7
       Ration            |       |     3 ||     3
Armor: Scale mail        |    70 |   101 ||   171
Dodge: Dodged            |    37 |    81 ||   118
Block: Shield            |    80 |   154 ||   234
       Rpst.: Long sword |     8 |    18 ||    26

Table legend:
 A = Non-vault XP
 B = Vault XP
 C = Vault XP percentage of total XP
 D = Non-vault monster count
 E = Vault monster count
 F = Vault count percentage of total count
                 A         B        C        D         E       F
            +---------+---------+-------+---------+---------+-------
      Total |     504 |       6 |   1.2 |      80 |       3 |   3.6
            +---------+---------+-------+---------+---------+-------
        D:1 |      59 |       2 |   3.3 |      27 |       2 |   6.9
        D:2 |     169 |       0 |   0.0 |      25 |       0 |   0.0
        D:3 |      32 |       0 |   0.0 |      14 |       0 |   0.0
        D:4 |     244 |       4 |   1.6 |      14 |       1 |   6.7
            +---------+---------+-------+---------+---------+-------
